 Dungeon Crawl Stone Soup version 0.20-a0-910-gb611367 (webtiles) character file.

189 Denreik the Sneak (level 5, -9/36 HPs)
             Began as an Octopode Abyssal Knight on Mar 24, 2017.
             Was a Follower of Lugonu.
             Killed from afar by a raiju (12 damage)
             ... with a living lightning
             ... on level 2 of the Abyss.
             The game lasted 00:02:00 (134 turns).

Denreik the Sneak (Octopode Abyssal Knight)          Turns: 134, Time: 00:02:00

Health: -9/36      AC:  1    Str: 11    XL:     5   Next: 68%
Magic:  6/6        EV: 13    Int: 15    God:    Lugonu [*.....]
Gold:   9          SH:  0    Dex: 12    Spells: 4/4 levels left

rFire    . . .     SeeInvis .   a - +1 spear
rCold    . . .     Gourm    .   (no shield)
rNeg     . . .     Faith    .   (helmet restricted)
rPois    .         Spirit   .   (no amulet)
rElec    .         Reflect  .   (no ring)
rCorr    .         Harm     .   (no ring)
MR       .....                  (no ring)
Stlth    +++++.....             (no ring)
Regen    0.2/turn               (no ring)
MPRegen  0.1/turn               (no ring)
                                (no ring)
                                (no ring)

@: no status effects
A: almost no armour, stealthy swim, amphibious, 8 rings, constrict 8, camouflage
1, gelatinous body 1
a: Depart the Abyss, Renounce Religion


You were on level 2 of the Abyss.
You worshipped Lugonu.
Lugonu was aware of your devotion.
You were not hungry.

You visited 0 branches of the dungeon, and saw 0 of its levels.
You visited the Abyss 1 time.

You collected 9 gold pieces.

Inventory:

Hand Weapons
 a - a +1 spear (weapon)
Missiles
 d - 22 sling bullets
 e - 20 stones (quivered)
Wands
 g - a wand of disintegration (4/24)
Comestibles
 b - a bread ration


   Skills:
 - Level 3.0 Fighting
 - Level 2.0 Polearms
 - Level 2.3 Dodging
 * Level 7.6 Stealth
 - Level 2.0 Invocations


You had 4 spell levels left.
You didn't know any spells.

Dungeon Overview and Level Annotations

Branches:
Dungeon (0/15)

Altars:


Innate Abilities, Weirdness & Mutations

You cannot wear most types of armour.
You are very stealthy in the water. (Stealth+)
You are amphibious.
You can wear up to eight rings at the same time.
You can use your tentacles to constrict eight enemies at once.
Your skin changes colour to match your surroundings (Stealth+).
Your rubbery body absorbs attacks. (AC +1, EV +1)


Message History

You feel clever.
Evoking this partially-identified wand wasted a few charges.
The substance of the Abyss twists violently, and a gateway leading out appears!
Evoke which item? (* to show all) (? for menu, Esc to quit)
Aiming: Disintegrate (will waste charges)
Press: ? - help, Shift-Dir - straight line, f - raiju
Aim: a raiju (hasn't noticed you, chance to defeat MR: 65%)
The raiju barks!
The raiju struggles to resist.
Evoking this partially-identified wand wasted a few charges.
You aren't carrying any spellbooks or scrolls.
The raiju bursts into living lightning!
The living lightning hits you!
* * * LOW HITPOINT WARNING * * *
The living lightning misses you.
The raiju blinks!
The raiju closely misses you.
The raiju stops to sniff the ground.
The raiju bursts into living lightning!
The living lightning hits you!
You die...

#... .## #### #.
. # #. ## ### ##
..#. #. .# #h...#
##.# #### .h..# .
#. .###.#...# #..
## .##.#.#.#
###.... #
.#..##.#.####...#
..
#..###.#%##h.@..#
. .#.#
####.h.h.#.#
#..... ####......
.#..##. #..##....
... . ...# ....
##t .. ...#. .#.
# ..#..# . #.#
..#


You could see 3 raiju.

Vanquished Creatures
  A raiju (Abyss:2)
1 creature vanquished.

Notes
Turn   | Place    | Note
-------+----------+-------------------------------------------
     0 | Abyss:1  | Denreik the Octopode Abyssal Knight began the quest for the Orb.
     0 | Abyss:1  | Reached XP level 1. HP: 16/16 MP: 2/2
    99 | Abyss:2  | Noticed a large abomination
   110 | Abyss:2  | Noticed an ice dragon zombie
   117 | Abyss:2  | Noticed an apocalypse crab
   123 | Abyss:2  | Noticed a raiju
   123 | Abyss:2  | Noticed a raiju
   123 | Abyss:2  | Noticed a raiju
   127 | Abyss:2  | Noticed a raiju
   130 | Abyss:2  | Killed a raiju
   130 | Abyss:2  | Reached skill level 7 in Stealth
   130 | Abyss:2  | Reached XP level 2. HP: 8/21 MP: 3/3
   130 | Abyss:2  | Reached XP level 3. HP: 10/26 MP: 4/4
   130 | Abyss:2  | Reached XP level 4. HP: 12/31 MP: 5/5
   130 | Abyss:2  | Reached XP level 5. HP: 14/36 MP: 6/6
   134 | Abyss:2  | Killed from afar by a raiju

Vault maps used:
Abyss:2:  evilmike_abyss_exit_kraken

Skill      XL: |  1 |
---------------+----+-----
Stealth        | 7 |  7.6
Fighting       | |  3.0
Polearms       | |  2.0
Dodging        | |  2.3
Invocations    | |  2.0

Action                   |  1- 3 |  4- 6 || total
-------------------------+-------+-------++-------
Evoke: Wand              |     2 |     2 ||     4
  Use: Scroll            |     2 |       ||     2
Dodge: Dodged            |     2 |     2 ||     4
